 Dungeon Crawl Stone Soup version 0.22-b1-26-g9dbaab1 (webtiles) character file.

1836 Loudmushroom the Skirmisher (level 8, -3/74 HPs)
             Began as a Minotaur Berserker on Aug 8, 2018.
             Was a Priest of Trog.
             Killed from afar by an acid dragon (5 damage)
             ... with a splash of acid
             ... on level 7 of the Dungeon.
             The game lasted 00:35:22 (6076 turns).

Loudmushroom the Skirmisher (Minotaur Berserker)    Turns: 6076, Time: 00:35:23

Health: -3/74      AC:  9    Str: 22    XL:     8   Next: 87%
Magic:  7/7        EV:  8    Int:  4    God:    Trog [***...]
Gold:   370        SH:  3    Dex: 12    Spells: 7/7 levels left

rFire    . . .     SeeInvis .   a - +0 hand axe
rCold    . . .     Gourm    .   i - +0 buckler
rNeg     . . .     Faith    +   C - +0 plate armour
rPois    .         Spirit   .   (helmet restricted)
rElec    .         Reflect  .   (no cloak)
rCorr    .         Harm     .   (no gloves)
MR       .....                  (no boots)
Stlth    ..........             r - amulet of faith
HPRegen  0.22/turn              (no ring)
MPRegen  0.10/turn              (no ring)

@: corroded, berserk cooldown, slowed, very slow
A: retaliatory headbutt, horns 2
a: Berserk, Trog's Hand, Renounce Religion


You were on level 7 of the Dungeon.
You worshipped Trog.
Trog was most pleased with you.
You were near starving.

You visited 1 branch of the dungeon, and saw 7 of its levels.

You collected 370 gold pieces.

Inventory:

Hand Weapons
 a - a +0 hand axe (weapon)
 b - a +0 hunting sling
 u - a +0 war axe
Missiles
 e - 201 stones
 f - 60 arrows
 h - 65 bolts
 j - 87 sling bullets
 G - 17 tomahawks (quivered)
Armour
 i - a +0 buckler (worn)
 C - a +0 plate armour (worn)
Jewellery
 r - an amulet of faith (around neck)
 A - an uncursed ring of fire {unknown}
 B - a +2 amulet of reflection
Scrolls
 d - 2 scrolls of remove curse
 g - 3 scrolls of teleportation
 k - 2 scrolls of enchant armour
 q - a scroll of fear
 s - 4 scrolls of identify
 y - a scroll of blinking
Potions
 l - 2 potions of haste
 m - 3 potions of resistance
 n - a potion of brilliance {unknown}
 o - 2 potions of agility {unknown}
 p - 5 potions of heal wounds
 t - a potion of flight {unknown}
 v - 5 potions of curing {unknown}
 w - 2 potions of degeneration {unknown}
 x - a potion of invisibility {unknown}
 z - 4 potions of lignification
 D - a potion of cancellation {unknown}
 E - a potion of berserk rage {unknown}
Comestibles
 c - 8 rations


   Skills:
 + Level 7.8 Fighting
 + Level 7.8 Axes
 + Level 7.2 Armour
 + Level 6.6 Dodging


You had 7 spell levels left.
You didn't know any spells.
Your spell library contained the following spells:

 Spells                   Type           Power        Failure   Level  Hunger
 Confuse                  Hex            #.......     100%        3    ####...
 Confusing Touch          Hex            #.....       100%        1    ##.....
 Metabolic Englaciation   Hex/Ice        #.........   100%        5    ######.
 Petrify                  Tmut/Erth      #.......     100%        4    #####..
 Gell's Gravitas          Tloc           #.........   100%        3    ####...
 Yara's Violent Unravell  Hex/Tmut       #.........   100%        5    ######.


Dungeon Overview and Level Annotations

Branches:
Dungeon (7/15)             Temple (0/1) D:7

Altars:
Makhleb
Qazlal
Wu Jian

Shops:
D:5 }

Annotations:
D:7 1 transporter


Innate Abilities, Weirdness & Mutations

You reflexively headbutt those who attack you in melee.
You have a pair of horns on your head.


Message History

You block the acid dragon's attack. The jelly closely misses you.
You furiously retaliate!
You headbutt the jelly, but do no damage.
The acid dragon bites you.
* * * LOW HITPOINT WARNING * * *
The acid dragon claws you but does no damage.
The acid dragon barely misses you. The acid dragon claws you.
* * * LOW HITPOINT WARNING * * *
You hit the jelly.
Your hands burn!
* * * LOW HITPOINT WARNING * * *
You headbutt the jelly, but do no damage.
The jelly is severely wounded.
Your shield prevents you from hitting the acid dragon.
Your plate armour prevents you from hitting the acid dragon.
Your skin stops crawling.
You feel less resistant to hostile enchantments.
The jelly hits you but does no damage. The acid dragon spits acid at you.
The splash of acid hits you!
You die...

.#..#.####...###.#...........#
...................####.........
.............#.....####......##.
.##.#.#.##.<.#..©............[.
#
.........#..##########...###.###
.##.#.#..#..#§§§§§§§##.....#.#
##.#.#..#..#§§§§§§§##.....#
..........#§§#©#§§##.....#.#
...........#§§D@D§§###....#.#
.##.#.##.##.#§§#J#§§# #....#.#
#.# #.##.#§§...§§# ####.#.# #.
#####§§§########...### §§§§§§§
#.........##
#§§§§§§§§§#......>....
#§§§§§§§§§#.........##
#§§§[!$§§§#.........#
#§§.?©)§§§#.........#


You could see 2 acid dragons and a jelly.

Vanquished Creatures
  Grinder (D:6)
  5 humans (D:6)
  An acid dragon (D:7)
  A sky beast (D:6)
  3 bullfrogs (D:6)
  A crimson imp (D:6)
  2 jellies (D:7)
  3 orc wizards
  An orc priest (D:4)
  A bullfrog skeleton (D:6)
  2 centaur skeletons
  2 worker ants (D:4)
  Robin (D:2)
  7 adders
  2 oozes
  3 worms
  A dart slug (D:4)
  7 leopard geckos
  17 orcs
  13 bats
  5 giant cockroaches
  25 goblins
  A hobgoblin (D:2)
  3 quokkas
  4 frilled lizards
  A jackal skeleton (D:5)
  7 kobolds
  6 rats
126 creatures vanquished.

Notes
Turn   | Place    | Note
-------+----------+-------------------------------------------
     0 | D:1      | Loudmushroom the Minotaur Berserker began the quest for the Orb.
     0 | D:1      | Reached XP level 1. HP: 19/19 MP: 0/0
   198 | D:1      | Reached XP level 2. HP: 20/27 MP: 1/1
   828 | D:2      | Noticed Robin
   832 | D:2      | Reached XP level 3. HP: 29/33 MP: 2/2
   840 | D:2      | Reached ** piety under Trog
   840 | D:2      | Killed Robin
  1172 | D:2      | Reached XP level 4. HP: 36/41 MP: 3/3
  2648 | D:4      | Reached XP level 5. HP: 44/47 MP: 4/4
  2658 | D:4      | Reached *** piety under Trog
  2658 | D:4      | Reached skill level 5 in Fighting
  2869 | D:4      | Reached skill level 5 in Axes
  3295 | D:4      | Reached XP level 6. HP: 56/56 MP: 5/5
  3565 | D:5      | Entered Level 5 of the Dungeon
  3725 | D:5      | Found Uxymach's Gadget Boutique.
  3903 | D:5      | Found an ornate altar of the Wu Jian Council.
  4437 | D:6      | Noticed a human
  4442 | D:6      | Noticed a human
  4444 | D:6      | Noticed a human
  4453 | D:6      | Killed a human
  4453 | D:6      | Reached skill level 5 in Armour
  4453 | D:6      | Reached XP level 7. HP: 63/63 MP: 6/6
  4458 | D:6      | Killed a human
  4458 | D:6      | Reached skill level 5 in Dodging
  4461 | D:6      | Killed a human
  4487 | D:6      | Noticed a human
  4515 | D:6      | Reached XP level 8. HP: 25/71 MP: 7/7
  5014 | D:6      | Found a burning altar of Makhleb.
  5317 | D:6      | Noticed Grinder
  5324 | D:6      | Killed Grinder
  5651 | D:7      | Found a staircase to the Ecumenical Temple.
  5824 | D:7      | Found a stormy altar of Qazlal.
  5825 | D:7      | Noticed an air elemental
  5902 | D:7      | Found a transporter.
  6064 | D:7      | Found a transporter.
  6075 | D:7      | HP: 3/74 [acid dragon (2)]
  6076 | D:7      | HP: 1/74 [acid (2)]
  6076 | D:7      | Killed from afar by an acid dragon

Skill      XL: |  1  2  3  4  5  6  7  8 |
---------------+-------------------------+-----
Fighting       | 4 5 6 7 |  7.8
Axes           | 4 5 6 7 |  7.8
Armour         | 3 4 5 7 |  7.2
Dodging        | 3 4 5 6 |  6.6

Action                   |  1- 3 |  4- 6 |  7- 9 || total
-------------------------+-------+-------+-------++-------
Melee: Hand axe          |    74 |   188 |    92 ||   354
       Headbutt          |    12 |    39 |    33 ||    84
Throw: Stone             |       |     6 |       ||     6
       Tomahawk          |       |     5 |       ||     5
Invok: Trog's Hand       |       |     1 |     2 ||     3
       Berserk           |       |     1 |     2 ||     3
  Use: Scroll            |       |    12 |       ||    12
  Eat: Chunk             |     1 |    11 |     3 ||    15
       Ration            |       |       |     1 ||     1
Armor: Animal skin       |     3 |       |       ||     3
       Scale mail        |    28 |    34 |       ||    62
       Chain mail        |       |    73 |    27 ||   100
       Plate armour      |       |       |    23 ||    23
Dodge: Dodged            |    60 |   105 |    43 ||   208
Block: Buckler           |       |     2 |    13 ||    15
